 Dungeon Crawl Stone Soup version 0.28-a0-1143-gcf6077d4cc (webtiles) character file.

Game seed: 15369736107508456625

35 SensoryNuts the Ducker (level 3, -2/27 HPs)
             Began as a Demonspawn Gladiator on Dec 13, 2021.
             Slain by Natasha (4 damage)
             ... on level 2 of the Dungeon.
             The game lasted 00:01:26 (1184 turns).

SensoryNuts the Ducker (Demonspawn Gladiator)       Turns: 1184, Time: 00:01:27

Health: -2/27      AC:  4    Str: 16    XL:     3   Next: 16%
Magic:  3/3        EV: 12    Int:  9    God:
Gold:   15         SH:  0    Dex: 14    Spells: 2/2 levels left

rFire   . . .      SeeInvis .   i - +0 hand axe (vorpal)
rCold   . . .      Faith    .   (no shield)
rNeg    . . .      Spirit   .   b - +0 leather armour
rPois   .          Reflect  .   c - +0 helmet
rElec   .          Harm     .   (no cloak)
rCorr   .          Rampage  .   (no gloves)
Will    .....                   (no boots)
Stlth   +.........              (no amulet)
HPRegen 0.09/turn               (no ring)
MPRegen 0.16/turn               (no ring)

@: no status effects
A: magic regeneration
a: no special abilities


You were on level 2 of the Dungeon.
You visited 1 branch of the dungeon, and saw 2 of its levels.

You collected 15 gold pieces.

Inventory:

Hand Weapons
 a - a +0 long sword
 i - a +0 vorpal hand axe (weapon)
Missiles
 d - 3 throwing nets (quivered)
Armour
 b - a +0 leather armour (worn)
 c - a +0 helmet (worn)
Scrolls
 e - a scroll of vulnerability
 h - a scroll of magic mapping {unknown}
Potions
 g - a potion of degeneration


   Skills:
 + Level 2.2 Fighting
 + Level 3.2 Long Blades
 + Level 1.8 Throwing
 + Level 0.2 Armour
 + Level 3.2 Dodging
 + Level 0.2 Stealth


You had 2 spell levels left.
You didn't know any spells.
Your spell library was empty.

Dungeon Overview and Level Annotations

Branches:
Dungeon (2/15)

Altars:

Annotations:
D:2 Natasha


Innate Abilities, Weirdness & Mutations

You regenerate magic rapidly.


Message History

No target in view!
No target in view!
No target in view!
There is a strange disturbance nearby!
There is a strange disturbance nearby!
There is a strange disturbance nearby!
You hear a zap.
A puff of flame appears from out of thin air!
The puff of flame hits you.
Found a scroll of identify.
A magic dart appears from out of thin air!
The magic dart hits you. Something claws you but does no damage.
You closely miss something. Something claws you.
You closely miss something. Something claws you!
* * * LOW HITPOINT WARNING * * *
You miss something. Something claws you but does no damage.
Something barely misses you.
You closely miss something.
You hear a zap.
A puff of flame appears from out of thin air!
The puff of flame misses you.
It was a potion of curing.
You feel better.
You hear a zap.
A puff of flame appears from out of thin air!
The puff of flame misses you.
You hit something.
You hear a zap.
A puff of flame appears from out of thin air!
The puff of flame misses you.
The now-empty wand crumbles to dust.
You miss something. Something claws you. x2
You barely miss something. Something claws you.
You barely miss something. Something claws you.
You miss something.
You hear some strange, mumbled words.
A magic dart appears from out of thin air!
The magic dart hits you!
* * * LOW HITPOINT WARNING * * *
Something claws you.
You die...

#######.##.##.# ###.
#.............#####.
#..##<#..####....... #.
#..#..####.######
#..#.##.......#####
#.{#.##..##.......#
.#####........##.......#
..?....##{######.......#
........@..............#
.......##.######.......#
.###### #.# #.......#
#.# #.......# #..
######### ###


There were no monsters in sight!

Vanquished Creatures
  4 bats (D:1)
  5 endoplasms (D:1)
  2 giant cockroaches (D:1)
  4 goblins (D:1)
  5 hobgoblins
  A quokka (D:1)
  A ball python (D:1)
  3 kobolds
  5 rats
30 creatures vanquished.

Notes
Turn   | Place    | Note
-------+----------+-------------------------------------------
     0 | D:1      | SensoryNuts the Demonspawn Gladiator began the quest for
                  | the Orb.
     0 | D:1      | Reached XP level 1. HP: 16/16 MP: 1/1
   185 | D:1      | Gained mutation: You regenerate magic rapidly. [demonic
                  | ancestry]
   185 | D:1      | Reached XP level 2. HP: 22/22 MP: 2/2
   735 | D:1      | Reached XP level 3. HP: 25/27 MP: 3/3
  1169 | D:2      | Noticed Natasha
  1184 | D:2      | Slain by Natasha

Illustrated notes

Levels and vault maps discovered:
D:1:      lemuel_arrival_river_ford, layout_basic
D:2:      layout_loops_cross, uniq_natasha

Skill      XL: |  1  2 |
---------------+-------+-----
Long Blades    | 3 |  3.2
Dodging        | 3 |  3.2
Fighting       | |  2.2
Throwing       | |  1.8
Armour         | |  0.2
Stealth        | |  0.2

Action                   || total
-------------------------++-------
Melee: Long sword        ||    55
       Hand axe          ||    33
  Use: Scroll            ||     3
       Potion            ||     1
 Stab: Sleeping          ||     1
Armor: Leather armour    ||    26
Dodge: Dodged            ||   109

Table legend: (Time is in decaauts)
 A = Elapsed time spent in this place.
 B = Non-inter-level travel time spent in this place.
 C = Inter-level travel time spent in this place.
 D = Time resting spent in this place.
 E = Time spent auto-exploring this place.
 F = Levels seen in this place.
 G = Mean time per level.
                   A        B        C        D        E       F      G
               +--------+--------+--------+--------+--------+-----+--------+
         Total |   1215 |   1215 |      0 |      0 |    936 |   2 |  607.5 |
       Dungeon |   1215 |   1215 |      0 |      0 |    936 |   2 |  607.5 |
               +--------+--------+--------+--------+--------+-----+--------+

Top non-repeatable levels by time:
     D:1: 1159 daAuts
     D:2: 55 daAuts
